 Dungeon Crawl Stone Soup version 0.19.3-1-g3169bf9 (webtiles) character file.

13162 dngmouse the Cruncher (level 12, -29/99 HPs)
             Began as a Formicid Abyssal Knight on Jan 26, 2017.
             Was a High Priest of Lugonu.
             Killed from afar by Josephine (39 damage)
             ... with a ghostly fireball
             ... on level 11 of the Dungeon on Jan 27, 2017.
             The game lasted 01:02:37 (17234 turns).

dngmouse the Cruncher (Formicid Abyssal Knight)    Turns: 17234, Time: 01:02:39

Health: -29/99     AC: 24    Str: 17      XL:     12   Next: 29%
Magic:  18/18      EV: -2    Int: 17      God:    Lugonu [*****.]
Gold:   681        SH: 12    Dex: 15 (16) Spells: 0 memorised, 11 levels left

rFire  + . .     SeeInvis +     r - +0 quarterstaff
rCold  . . .     Gourm    .     F - +0 crystal plate armour
rNeg   . . .     Faith    .     v - +0 large shield
rPois  .         Spirit   .     (helmet unavailable)
rElec  .         Reflect  .     d - +0 cloak
rCorr  .         Harm     .     h - +0 pair of gloves
MR     +....     Clarity  +     (no boots)
Stlth  ..........               L - amulet of regeneration
                                P - ring of protection from fire
                                k - +4 ring of protection

@: lethally poisoned (-29 -> -44), very heavily drained
A: permanent stasis, dig shafts and tunnels, four strong arms, antennae 3,
iridescent scales 1, agile 1, clarity, clever 2, deterioration 1, evolution 1,
subdued magic 1, MP-powered wands
a: Dig, Shaft Self, Depart the Abyss, Bend Space, Banish, Corrupt, Enter the
Abyss, Renounce Religion


You were on level 11 of the Dungeon.
You worshipped Lugonu.
Lugonu was extremely pleased with you.
You were very hungry.

You visited 1 branch of the dungeon, and saw 11 of its levels.
You visited the Abyss 1 time.

You collected 681 gold pieces.

Inventory:

Hand Weapons
 r - a +0 quarterstaff (weapon)
 y - a +0 whip
Missiles
 l - 16 javelins (quivered)
Armour
 d - a +0 cloak (worn)
 h - a +0 pair of gloves (worn)
 j - a +0 plate armour
 v - a +0 large shield (worn)
 F - a +0 crystal plate armour (worn)
Magical Staves
 T - an uncursed staff of power
Jewellery
 k - a +4 ring of protection (left hand)
 J - a cursed -5 ring of protection
 L - an amulet of regeneration (around neck)
 P - a ring of protection from fire (right hand)
 R - an uncursed ring of ice
Wands
 x - a wand of confusion (33/48)
 z - a wand of enslavement (0/24)
 A - a wand of iceblast (0/15)
 C - a wand of lightning (0/15)
 G - a wand of lightning (0/15)
 M - a wand of lightning (4/15)
 N - a wand of flame (25/48)
Scrolls
 b - 2 scrolls of noise {unknown}
 f - 2 scrolls of amnesia {unknown}
 g - 9 scrolls of remove curse
 i - 10 scrolls of identify
 m - 2 scrolls of random uselessness {unknown}
 o - 6 scrolls of teleportation {unknown}
 p - 3 scrolls of enchant weapon {unknown}
 s - 2 scrolls of blinking {unknown}
 t - 3 scrolls of enchant armour {unknown}
 B - a scroll of holy word {unknown}
 D - a scroll of magic mapping {unknown}
 O - a scroll of fear {unknown}
Potions
 e - 8 potions of curing
 u - 3 potions of cancellation
 I - 3 potions of heal wounds
 S - a potion of mutation
 U - a potion of flight
Books
 w - a book of Conjurations

   Spells                             Type                      Level
   a - Magic Dart                     Conjuration                  1
   b - Searing Ray                    Conjuration                  2
   c - Dazzling Spray                 Conjuration/Hexes            3
   d - Fulminant Prism                Conjuration/Hexes            4
   e - Iskenderun's Mystic Blast      Conjuration                  4
   f - Iskenderun's Battlesphere      Conjuration/Charms           5
 H - a book of Frost

   Spells                             Type                      Level
   a - Freeze                         Ice                          1
   b - Throw Frost                    Conjuration/Ice              2
   c - Ozocubu's Armour               Charms/Ice                   3
   d - Throw Icicle                   Conjuration/Ice              4
   e - Summon Ice Beast               Ice/Summoning                4
 Q - a book of Changes

   Spells                             Type                      Level
   a - Beastly Appendage              Transmutation                1
   b - Sticks to Snakes               Transmutation                2
   c - Spider Form                    Transmutation/Poison         3
   d - Ice Form                       Ice/Transmutation            4
   e - Blade Hands                    Transmutation                5
Comestibles
 a - 2 slices of pizza
 c - 7 bread rations
 n - 5 meat rations
 q - a royal jelly
 E - 3 beef jerkies
 K - 33 fruits


   Skills:
 - Level 10.8(6.9) Fighting
 - Level 2.0(4.6) Maces & Flails
 * Level 12.2(8.3) Staves
 + Level 7.7(4.1) Armour
 - Level 0.8(0.0) Dodging
 + Level 4.7(1.4) Shields
 + Level 9.1(5.4) Invocations


You had 11 spell levels left.
You didn't know any spells.

Dungeon Overview and Level Annotations

Branches:
Dungeon (11/15)            Temple (0/1) D:6            Lair (0/6) D:9
    Orc: D:9-12

Altars:
Ashenzari
Gozag
Hepliaklqana
Kikubaaqudgha
Makhleb
Nemelex Xobeh
Xom
Yredelemnul
The Shining One

Shops:
D:4 (

Annotations:
D:11 Josephine


Innate Abilities, Weirdness & Mutations

You are under a permanent stasis effect.
You can dig through walls and to a lower floor.
Your four strong arms can wield two-handed weapons with a shield.
You have a pair of large antennae on your head. (SInv)
You are partially covered in iridescent scales. (AC +2)
You are agile. (Dex +2)
You possess an exceptional clarity of mind.
Your mind is very acute. (Int +4)
Your body sometimes deteriorates upon taking damage.
You evolve.
Your spells are a little easier to cast, but a little less powerful.
You expend magic power (3 MP) to strengthen your wands.


Message History

You are more poisoned.
You are too injured to fight recklessly!
You are too injured to fight recklessly!
You are too injured to fight recklessly!
You are too injured to fight recklessly!
You are too injured to fight recklessly!
Your shield and crystal plate armour prevent you from hitting Josephine.
Josephine is almost dead.
You feel sick.
Josephine points at you and mumbles some strange words.
The ghostly flame explodes!
The ghostly fireball engulfs you!
You feel drained.
* * * LOW HITPOINT WARNING * * *
The ghostly fireball engulfs Josephine.
Josephine completely resists.
Your crystal plate armour prevents you from hitting Josephine.
Josephine is almost dead.
* * * LOW HITPOINT WARNING * * *
You feel very sick.
Josephine gestures at you while chanting.
The ghostly flame explodes!
The ghostly fireball engulfs you!
You feel drained.
You die...

#..# #................
#..#####...........#####
#..................#...#
#..........######..#...#
#..........#....#..#...#
#####......#....#..#...'
#......#....#..#...#
#..@...#....#..#####
#..@...#....#.......
####......#....#.......
#.........'....#..#####
#.........###..#..#
#...........#..#..#
#...........####..#
#.................#
##........<.......#####
#.....................


You could see Josephine.

Vanquished Creatures
  Fannar (D:11)
  An unseen horror (D:10)
  A hill giant (D:11)
  An oklob plant (D:11)
  Maurice (D:11)
  2 trolls (D:10)
  3 hippogriffs
  Grinder (D:3)
  Sigmund (D:2)
  22 yaks
  A wyvern (D:9)
  5 wraiths (D:10)
  A water moccasin (D:11)
  4 ice beasts
  5 orc warriors
  6 sky beasts
  A black bear (D:11)
  5 centaurs
  4 ogres
  8 bullfrogs
  A big kobold (D:11)
  Blork the orc (D:4)
  3 scorpions
  12 wights
  5 howler monkeys
  6 crimson imps
  A bullfrog zombie (D:8)
  10 orc priests
  5 hounds
  A bullfrog skeleton (D:5)
  3 jellies
  6 orc wizards
  A centaur skeleton (D:9)
  4 iguanas
  8 worker ants
  A hound zombie (D:10)
  3 hound skeletons (D:6)
  A howler monkey zombie (D:7)
  8 gnolls
  8 adders
  A shadow imp (D:8)
  A white imp (Abyss:1)
  16 oozes (D:11)
  2 adder skeletons
  An adder zombie (D:9)
  4 worms
  2 dart slugs
  6 leopard geckos
  37 orcs
  2 ball pythons
  17 giant cockroaches
  8 goblins
  5 hobgoblins
  22 jackals
  2 quokkas
  8 bats
  7 frilled lizards
  9 kobolds
  2 leopard gecko skeletons
  A quokka zombie (D:6)
  7 rats
322 creatures vanquished.

Vanquished Creatures (others)
  8 fungi (D:11)
8 creatures vanquished.

Grand Total: 330 creatures vanquished

Notes
Turn   | Place    | Note
-------+----------+-------------------------------------------
     0 | Abyss:1  | dngmouse the Formicid Abyssal Knight began the quest for the Orb.
     0 | Abyss:1  | Reached XP level 1. HP: 18/18 MP: 2/2
   139 | Abyss:1  | Reached XP level 2. HP: 10/25 MP: 3/3
   194 | Abyss:1  | Noticed a glowing orange brain
   211 | Abyss:1  | Noticed a rust devil
   212 | Abyss:1  | Noticed a chaos spawn
   213 | Abyss:1  | Noticed an ancient zyme
   214 | D:1      | Escaped the Abyss
   808 | D:1      | Reached XP level 3. HP: 31/31 MP: 4/4
  1242 | D:2      | Reached * piety under Lugonu
  1270 | D:2      | Found an ancient bone altar of Kikubaaqudgha.
  1348 | D:2      | Reached skill level 5 in Fighting
  1531 | D:2      | Reached XP level 4. HP: 38/39 MP: 5/5
  1969 | D:2      | Noticed Sigmund
  1986 | D:2      | Killed Sigmund
  1986 | D:2      | Reached XP level 5. HP: 34/48 MP: 6/6
  1986 | D:2      | Reached XP level 6. HP: 39/55 MP: 7/7
  2366 | D:3      | Found a faded altar of an unknown god.
  2557 | D:3      | Noticed Grinder
  2872 | D:3      | Noticed an orc warrior
  2889 | D:2      | HP: 1/55 [orc warrior/long sword (4)]
  3297 | D:2      | Killed an orc warrior
  3715 | D:3      | Reached XP level 7. HP: 62/62 MP: 8/8
  3945 | D:3      | Killed Grinder
  4399 | D:3      | Reached ** piety under Lugonu
  4736 | D:3      | Found a shattered altar of Ashenzari.
  5020 | D:4      | Found a shimmering altar of Xom.
  5020 | D:4      | Noticed Blork the orc
  5039 | D:4      | Killed Blork the orc
  5039 | D:4      | Reached XP level 8. HP: 55/71 MP: 9/9
  5231 | D:4      | Reached skill level 10 in Fighting
  5773 | D:4      | Found Nupnet Eqec's Weapon Boutique.
  6030 | D:4      | Found a burning altar of Makhleb.
  6170 | D:4      | Reached skill level 1 in Shields
  6322 | D:5      | Entered Level 5 of the Dungeon
  6603 | D:5      | Reached *** piety under Lugonu
  7024 | D:5      | Reached skill level 1 in Staves
  7173 | D:6      | Reached skill level 2 in Staves
  7178 | D:6      | Gained mutation: You are agile. (Dex +2) [mutagenic meat]
  7179 | D:6      | Gained mutation: Your mind is acute. (Int +2) [mutagenic meat]
  7180 | D:6      | Gained mutation: You are frail. (-10% HP) [mutagenic meat]
  7181 | D:6      | Lost mutation: You are frail. (-10% HP) [mutagenic meat]
  7182 | D:6      | Gained mutation: You occasionally shout uncontrollably at your foes. [mutagenic meat]
  7269 | D:6      | HP: 3/74 [orc priest/divine providence (16)]
  7615 | D:4      | Reached XP level 9. HP: 79/79 MP: 10/10
  8046 | D:6      | Reached skill level 3 in Staves
  8577 | D:6      | Reached skill level 4 in Staves
  8800 | D:6      | Reached skill level 5 in Staves
  8967 | D:6      | Reached skill level 6 in Staves
  9105 | D:6      | Found a hazy altar of Hepliaklqana.
  9393 | D:6      | Found a staircase to the Ecumenical Temple.
  9524 | D:6      | Reached skill level 7 in Staves
  9531 | D:6      | Reached **** piety under Lugonu
  9798 | D:7      | Noticed a hippogriff
  9829 | D:7      | Killed a hippogriff
 10825 | D:7      | Gained mutation: Your spells are a little easier to cast, but a little less powerful. [potion of mutation]
 10825 | D:7      | Gained mutation: You expend magic power (3 MP) to strengthen your wands. [potion of mutation]
 10825 | D:7      | Gained mutation: Your mind is very acute. (Int +4) [potion of mutation]
 10978 | D:8      | Found a basalt altar of Yredelemnul.
 11011 | D:8      | Noticed a hippogriff
 11027 | D:8      | Killed a hippogriff
 11027 | D:8      | Reached skill level 8 in Staves
 11027 | D:8      | Reached XP level 10. HP: 79/86 MP: 13/13
 11586 | D:8      | Reached skill level 5 in Invocations
 11714 | D:8      | Reached skill level 9 in Staves
 12309 | D:8      | Found a glowing golden altar of the Shining One.
 12380 | D:9      | Gained mutation: You evolve. [mutagenic meat]
 12381 | D:9      | Gained mutation: Your body sometimes deteriorates upon taking damage. [mutagenic meat]
 12789 | D:9      | Found a staircase to the Lair.
 12824 | D:9      | Reached skill level 5 in Armour
 12863 | D:9      | Reached ***** piety under Lugonu
 12872 | D:9      | Reached skill level 10 in Staves
 12872 | D:9      | Reached XP level 11. HP: 40/92 MP: 15/15
 13047 | D:9      | Found a sparkling altar of Nemelex Xobeh.
 13065 | D:9      | Lost mutation: You occasionally shout uncontrollably at your foes. [evolution]
 13214 | D:9      | Found an opulent altar of Gozag.
 13571 | D:9      | Noticed a hill giant
 13705 | D:9      | Reached skill level 11 in Staves
 14198 | D:9      | Found a hazy altar of Hepliaklqana.
 14226 | D:10     | Entered Level 10 of the Dungeon
 14315 | D:10     | Noticed an unseen horror
 14330 | D:10     | Killed an unseen horror
 14819 | D:10     | Gained mutation: You possess an exceptional clarity of mind. [mutagenic meat]
 15231 | D:11     | Noticed Fannar
 15336 | D:11     | Killed Fannar
 15591 | D:11     | Noticed Maurice
 15603 | D:11     | Killed Maurice
 15677 | D:11     | Noticed an oklob plant
 15763 | D:11     | Killed an oklob plant
 15763 | D:11     | Reached XP level 12. HP: 84/99 MP: 5/18
 16019 | D:11     | Noticed Josephine
 16031 | D:11     | Gained mutation: You are partially covered in iridescent scales. (AC +2) [evolution]
 16280 | D:11     | Reached skill level 12 in Staves
 17234 | D:11     | Killed from afar by Josephine

Skill      XL: |  1  2  3  4  5  6  7  8  9 10 11 12 |
---------------+-------------------------------------+-----
Fighting       | 4 5 7 8 9 10 | 10.8
Shields        | 2 3 4 |  4.7
Staves         | 2 8 10 11 12 | 12.2
Invocations    | 4 6 8 9 |  9.1
Armour         | 5 7 |  7.7
Maces & Flails | |  2.0
Dodging        | |  0.8

Action                   |  1- 3 |  4- 6 |  7- 9 | 10-12 || total
-------------------------+-------+-------+-------+-------++-------
Melee: Mace              |   106 |   180 |   251 |       ||   537
       Whip              |       |       |   171 |       ||   171
       Staff             |       |       |   325 |       ||   325
       Quarterstaff      |       |       |   210 |  1108 ||  1318
Throw: Javelin           |       |       |    10 |     8 ||    18
Invok: Depart the Abyss  |     1 |       |       |       ||     1
       Bend Space        |       |       |     3 |     2 ||     5
 Abil: Dig               |       |       |     1 |       ||     1
Evoke: Wand              |       |       |       |    16 ||    16
  Use: Potion            |     2 |     5 |     5 |     5 ||    17
       Scroll            |       |       |       |     4 ||     4
  Eat: Chunk             |     2 |     6 |    30 |    23 ||    61
       Beef jerky        |       |     1 |       |       ||     1
       Fruit             |       |       |       |     2 ||     2
Armor: Leather armour    |    12 |       |       |       ||    12
       Plate armour      |    57 |   392 |   611 |       ||  1060
       Crystal plate arm |       |       |    44 |   690 ||   734
       Skin              |       |       |       |     1 ||     1
Dodge: Dodged            |    45 |    91 |    85 |    21 ||   242
Block: Large shield      |       |       |   422 |   644 ||  1066
